General information
- name: BNet
- type: Ladder team game (AT/RT)
- host: Battle.net
- saver: PIZZAFAN1739
map: Monsoon
- players: 6
- length: 53:06
- speed: Fast
- version: 1.26 W3XP
- replay type:

» download(359 KB)
Players
team 1 (winner)
Birdeneering (
green | 115 APM | 6097 actions | 53:04)
6 Paladin
3 Holy Light
3 Divine Shield
6 Goblin Alchemist
3 Chemical Rage
2 Acid Bomb
1 Healing Spray
5 Archmage
2 Brilliance Aura
3 Blizzard
» actions
| Assign group hotkey | 484 | |
| Basic commands | 209 | |
| Build / train | 105 | |
| Enter build submenu | 78 | |
| Enter hero's abilities submenu | 21 | |
| Give item / drop item | 7 | |
| Remove unit from queue | 5 | |
| Right click | 2885 | |
| Select / deselect | 464 | |
| Select group hotkey | 1279 | |
| Use ability | 559 | |
6097 total
» units
» upgrades
| Masonry | 3 | |
| Lumber Harvesting | 2 | |
| Magic Sentry | 1 | |
6 total
» buildings
| Altar of Kings | 1 | |
| Farm | 3 | |
| Lumber Mill | 1 | |
| Scout Tower | 120 | |
| Arcane Tower | 6 | |
| Arcane Vault | 4 | |
| Guard Tower | 34 | |
| Keep | 1 | |
| Castle | 1 | |
| Town Hall | 1 | |
| Arcane Sanctum | 1 | |
173 total
» build order
00:03 Altar of Kings
00:18 Farm
00:20 Farm
00:54 Lumber Mill
01:25 Scout Tower
01:44 Scout Tower
01:52 Arcane Tower
01:52 Arcane Tower
02:01 Arcane Vault
02:17 Guard Tower
02:18 Scout Tower
03:01 Guard Tower
03:01 Guard Tower
03:03 Scout Tower
04:40 Scout Tower
04:40 Scout Tower
04:46 Keep
05:16 Guard Tower
05:18 Scout Tower
05:19 Scout Tower
05:24 Farm
05:26 Guard Tower
05:30 Scout Tower
05:31 Scout Tower
05:35 Scout Tower
05:37 Scout Tower
05:38 Scout Tower
05:49 Guard Tower
06:04 Guard Tower
06:12 Guard Tower
06:13 Scout Tower
06:14 Scout Tower
06:56 Guard Tower
06:58 Arcane Vault
07:01 Guard Tower
07:04 Scout Tower
07:04 Scout Tower
07:24 Guard Tower
07:30 Scout Tower
08:04 Castle
08:06 Scout Tower
08:09 Scout Tower
08:45 Guard Tower
08:51 Town Hall
09:09 Scout Tower
09:12 Scout Tower
09:13 Scout Tower
09:13 Scout Tower
09:14 Guard Tower
09:44 Scout Tower
09:45 Scout Tower
10:26 Guard Tower
10:28 Scout Tower
10:41 Guard Tower
11:12 Guard Tower
11:14 Scout Tower
11:19 Arcane Sanctum
11:56 Guard Tower
11:58 Arcane Vault
11:59 Guard Tower
12:03 Arcane Vault
13:07 Scout Tower
13:08 Scout Tower
13:14 Scout Tower
13:15 Scout Tower
14:06 Guard Tower
14:07 Scout Tower
14:08 Scout Tower
14:08 Scout Tower
14:18 Guard Tower
14:19 Scout Tower
14:20 Scout Tower
14:25 Scout Tower
14:27 Scout Tower
14:28 Scout Tower
14:28 Scout Tower
14:29 Scout Tower
14:29 Scout Tower
15:41 Guard Tower
15:43 Scout Tower
15:43 Scout Tower
15:45 Guard Tower
15:47 Scout Tower
15:49 Scout Tower
15:50 Scout Tower
15:51 Guard Tower
16:42 Guard Tower
16:48 Scout Tower
16:49 Scout Tower
17:31 Scout Tower
17:33 Guard Tower
17:34 Scout Tower
17:37 Scout Tower
19:04 Guard Tower
19:05 Scout Tower
19:07 Scout Tower
19:07 Scout Tower
19:08 Scout Tower
19:08 Scout Tower
19:09 Scout Tower
19:11 Guard Tower
19:17 Scout Tower
19:18 Scout Tower
19:19 Scout Tower
19:20 Scout Tower
20:18 Guard Tower
20:23 Scout Tower
20:24 Scout Tower
21:27 Guard Tower
21:31 Scout Tower
21:32 Scout Tower
21:33 Scout Tower
21:33 Scout Tower
21:43 Scout Tower
21:44 Scout Tower
21:44 Scout Tower
21:45 Scout Tower
21:46 Scout Tower
21:46 Scout Tower
21:47 Scout Tower
21:48 Scout Tower
21:48 Scout Tower
21:49 Scout Tower
21:50 Scout Tower
21:50 Scout Tower
21:58 Scout Tower
21:59 Scout Tower
21:59 Scout Tower
22:00 Scout Tower
22:00 Scout Tower
22:01 Scout Tower
22:02 Scout Tower
22:03 Scout Tower
22:03 Scout Tower
22:04 Scout Tower
22:04 Scout Tower
22:05 Scout Tower
22:12 Scout Tower
22:13 Scout Tower
22:13 Scout Tower
22:14 Scout Tower
22:14 Scout Tower
22:15 Scout Tower
22:16 Scout Tower
22:16 Scout Tower
22:17 Scout Tower
22:17 Scout Tower
22:18 Scout Tower
22:19 Scout Tower
22:38 Guard Tower
23:00 Scout Tower
23:01 Scout Tower
23:02 Scout Tower
23:02 Scout Tower
23:03 Scout Tower
23:04 Scout Tower
23:05 Scout Tower
23:07 Scout Tower
23:07 Scout Tower
23:08 Scout Tower
23:14 Guard Tower
23:15 Scout Tower
24:55 Guard Tower
24:57 Guard Tower
27:06 Arcane Tower
27:18 Arcane Tower
27:21 Arcane Tower
27:27 Guard Tower
29:35 Scout Tower
29:37 Scout Tower
29:37 Scout Tower
29:39 Scout Tower
» items
| Staff of Teleportation | 3 | |
| Boots of Speed | 3 | |
| Potion of Healing | 1 | |
| Scroll of Regeneration | 1 | |
| Orb of Lightning | 3 | |
| Staff of Sanctuary | 1 | |
| Scroll of Town Portal | 2 | |
| Tome of Retraining | 1 | |
15 total
NUTSONYOCHIN.DE (
red | 98 APM | 5179 actions | 53:04)
5 Pandaren Brewmaster
3 Breath of Fire
1 Drunken Haze
1 Drunken Brawler
4 Goblin Tinker
2 Cluster Rockets
2 Engineering Upgrade
4 Pit Lord
2 Rain of Fire
2 Cleaving Attack
» actions
| Assign group hotkey | 8 | |
| Basic commands | 107 | |
| Build / train | 80 | |
| ESC pressed | 2 | |
| Enter build submenu | 53 | |
| Enter hero's abilities submenu | 14 | |
| Give item / drop item | 6 | |
| Right click | 2522 | |
| Select / deselect | 266 | |
| Select group hotkey | 1691 | |
| Use ability | 429 | |
5179 total
» units
» upgrades
| Nature's Blessing | 1 | |
| Well Spring | 1 | |
| Ultravision | 1 | |
3 total
» buildings
| Altar of Elders | 4 | |
| Moon Well | 41 | |
| Tree of Ages | 1 | |
| Tree of Eternity | 3 | |
| Ancient of Wonders | 1 | |
| Tree of Life | 7 | |
| Hunter's Hall | 1 | |
58 total
» build order
00:15 Altar of Elders
00:15 Moon Well
00:17 Altar of Elders
00:54 Moon Well
02:06 Moon Well
03:40 Tree of Ages
05:56 Moon Well
05:57 Moon Well
06:02 Tree of Eternity
06:02 Tree of Eternity
07:11 Ancient of Wonders
08:19 Tree of Life
08:22 Tree of Life
11:32 Moon Well
11:32 Moon Well
11:33 Moon Well
11:38 Moon Well
11:38 Moon Well
11:43 Moon Well
11:44 Moon Well
11:45 Moon Well
11:46 Moon Well
12:29 Moon Well
13:12 Moon Well
19:18 Tree of Life
20:29 Tree of Life
21:29 Hunter's Hall
21:35 Moon Well
21:36 Moon Well
21:40 Moon Well
21:40 Moon Well
21:41 Moon Well
28:22 Altar of Elders
28:23 Altar of Elders
30:06 Moon Well
30:06 Moon Well
30:16 Moon Well
30:17 Moon Well
30:35 Tree of Life
30:41 Tree of Life
38:47 Tree of Life
39:18 Moon Well
39:19 Moon Well
39:19 Moon Well
39:20 Moon Well
39:22 Moon Well
43:51 Moon Well
43:52 Moon Well
43:53 Moon Well
43:54 Moon Well
43:54 Moon Well
43:56 Moon Well
43:56 Moon Well
43:57 Moon Well
43:58 Moon Well
43:59 Moon Well
» items
| Boots of Speed | 4 | |
| Staff of Teleportation | 4 | |
| Staff of Sanctuary | 3 | |
| Orb of Lightning | 3 | |
14 total
PIZZAFAN1739 (
purple | 105 APM | 5563 actions | 53:06)
5 Blademaster
2 Wind Walk
3 Critical Strike
5 Naga Sea Witch
2 Frost Arrows
3 Forked Lightning
5 Dark Ranger
3 Black Arrow
2 Silence
» actions
| Assign group hotkey | 29 | |
| Basic commands | 17 | |
| Build / train | 78 | |
| Enter build submenu | 39 | |
| Enter hero's abilities submenu | 15 | |
| Give item / drop item | 4 | |
| Right click | 3944 | |
| Select / deselect | 597 | |
| Select group hotkey | 552 | |
| Use ability | 287 | |
5563 total
» units
» upgrades
| Ranged Weapons | 2 | |
| Reinforced Defenses | 1 | |
| Armor | 1 | |
| Liquid Fire | 1 | |
| Pillage | 1 | |
6 total
» buildings
| Orc Burrow | 4 | |
| Altar of Storms | 1 | |
| War Mill | 1 | |
| Voodoo Lounge | 5 | |
| Watch Tower | 26 | |
| Stronghold | 3 | |
| Fortress | 1 | |
| Beastiary | 2 | |
| Great Hall | 1 | |
44 total
» build order
00:20 Orc Burrow
00:29 Altar of Storms
00:37 War Mill
01:22 Voodoo Lounge
01:51 Watch Tower
02:12 Watch Tower
02:49 Watch Tower
04:11 Watch Tower
04:13 Watch Tower
04:56 Stronghold
04:56 Stronghold
04:58 Orc Burrow
05:00 Orc Burrow
05:05 Watch Tower
05:43 Watch Tower
06:18 Watch Tower
06:20 Watch Tower
06:21 Watch Tower
06:22 Watch Tower
07:21 Voodoo Lounge
07:22 Voodoo Lounge
07:25 Voodoo Lounge
07:25 Voodoo Lounge
07:59 Fortress
08:37 Beastiary
09:18 Beastiary
10:43 Watch Tower
10:47 Watch Tower
11:23 Orc Burrow
14:10 Watch Tower
14:11 Watch Tower
15:16 Watch Tower
15:18 Watch Tower
15:20 Watch Tower
15:46 Watch Tower
15:46 Watch Tower
15:47 Watch Tower
15:48 Watch Tower
16:16 Great Hall
16:34 Watch Tower
16:36 Watch Tower
16:37 Watch Tower
16:41 Watch Tower
» items
| Healing Salve | 5 | |
| Lesser Clarity Potion | 4 | |
| Boots of Speed | 3 | |
| Staff of Teleportation | 3 | |
| Orb of Lightning | 3 | |
| Staff of Sanctuary | 3 | |
| Potion of Lesser Invulnerability | 2 | |
23 total
team 2 (loser)

»
Amsen (
teal | 66 APM | 2994 actions | 45:02)
4 Mountain King
1 Thunder Clap
1 Storm Bolt
2 Bash
2 Archmage
1 Summon Water Elemental
1 Blizzard
» actions
| Assign group hotkey | 3 | |
| Basic commands | 3 | |
| Build / train | 148 | |
| Enter build submenu | 26 | |
| Enter hero's abilities submenu | 6 | |
| Give item / drop item | 1 | |
| Remove unit from queue | 10 | |
| Right click | 1729 | |
| Select / deselect | 557 | |
| Select group hotkey | 344 | |
| Use ability | 167 | |
2994 total
» units
| Peasant | 27 | |
| Footman | 34 | |
| Rifleman | 2 | |
| Knight | 15 | |
| Gryphon Rider | 1 | |
79 total
» upgrades
| Masonry | 3 | |
| Lumber Harvesting | 1 | |
| Storm Hammers | 1 | |
| Animal War Training | 1 | |
| Flying Machine Bombs | 1 | |
7 total
» buildings
| Altar of Kings | 1 | |
| Farm | 14 | |
| Arcane Vault | 1 | |
| Barracks | 2 | |
| Scout Tower | 9 | |
| Lumber Mill | 1 | |
| Guard Tower | 11 | |
| Keep | 1 | |
| Town Hall | 1 | |
| Gryphon Aviary | 1 | |
| Blacksmith | 1 | |
| Castle | 1 | |
| Workshop | 1 | |
45 total
» build order
00:06 Altar of Kings
00:11 Farm
00:11 Farm
00:12 Farm
01:11 Arcane Vault
02:23 Barracks
02:34 Barracks
02:42 Scout Tower
09:25 Lumber Mill
12:30 Scout Tower
13:05 Scout Tower
13:08 Guard Tower
13:08 Guard Tower
13:09 Guard Tower
13:41 Scout Tower
15:19 Guard Tower
15:20 Guard Tower
15:24 Keep
15:42 Farm
15:43 Farm
15:45 Farm
17:05 Town Hall
17:48 Scout Tower
17:50 Scout Tower
17:53 Scout Tower
18:23 Guard Tower
19:32 Guard Tower
19:34 Guard Tower
19:38 Scout Tower
19:40 Scout Tower
20:34 Guard Tower
21:12 Guard Tower
22:27 Gryphon Aviary
26:37 Blacksmith
26:40 Castle
30:02 Farm
30:03 Farm
30:04 Farm
30:05 Farm
35:15 Workshop
40:54 Farm
40:54 Farm
40:59 Farm
41:01 Farm
» items
| Scroll of Regeneration | 5 | |
| Lesser Clarity Potion | 9 | |
| Boots of Speed | 1 | |
| Periapt of Vitality | 2 | |
| Circlet of Nobility | 2 | |
| Potion of Mana | 5 | |
| Potion of Healing | 2 | |
| Mechanical Critter | 1 | |
| Orb of Fire | 1 | |
28 total
Knokki (
blue | 68 APM | 3629 actions | 53:03)
1 Blademaster
1 Wind Walk
1 Shadow Hunter
1 Healing Wave
» actions
| Build / train | 130 | |
| Enter build submenu | 28 | |
| Enter hero's abilities submenu | 2 | |
| Remove unit from queue | 16 | |
| Right click | 2930 | |
| Select / deselect | 428 | |
| Use ability | 93 | |
3629 total
» units
| Peon | 6 | |
| Grunt | 31 | |
| Shaman | 1 | |
| Troll Witch Doctor | 4 | |
| Demolisher | 4 | |
| Ghoul | -3 | |
| Gargoyle | 15 | |
58 total
» upgrades
| Berserker Strength | 1 | |
| Spiked Barricades | 3 | |
| Melee Weapons | 3 | |
| Armor | 2 | |
| Spirit Walker Training | 1 | |
| Shaman Training | 2 | |
| Burning Oil | 1 | |
| Reinforced Defenses | 1 | |
| Pillage | 0 | |
14 total
» buildings
| Altar of Storms | 1 | |
| Orc Burrow | 7 | |
| War Mill | 2 | |
| Voodoo Lounge | 1 | |
| Barracks | 1 | |
| Stronghold | 2 | |
| Watch Tower | 17 | |
| Spirit Lodge | 1 | |
| Fortress | 2 | |
| Great Hall | 1 | |
35 total
» build order
00:06 Altar of Storms
00:13 Orc Burrow
00:56 Orc Burrow
01:32 War Mill
01:55 Voodoo Lounge
02:30 Barracks
06:25 Stronghold
06:25 Stronghold
07:02 War Mill
07:22 Orc Burrow
08:23 Orc Burrow
08:25 Orc Burrow
08:42 Watch Tower
08:43 Watch Tower
08:49 Watch Tower
10:57 Watch Tower
10:59 Watch Tower
11:19 Watch Tower
11:22 Watch Tower
11:23 Watch Tower
11:31 Watch Tower
11:33 Watch Tower
11:40 Watch Tower
11:43 Watch Tower
19:08 Spirit Lodge
22:23 Orc Burrow
24:39 Orc Burrow
29:42 Fortress
29:42 Fortress
30:12 Watch Tower
30:14 Watch Tower
30:15 Watch Tower
30:18 Watch Tower
30:20 Watch Tower
44:08 Great Hall
» items
| Potion of Mana | 5 | |
| Healing Salve | 1 | |
| Potion of Healing | 4 | |
| Scroll of Speed | 3 | |
| Scroll of Town Portal | 2 | |
15 total
skwobu (
orange | 55 APM | 2096 actions | 38:20)
3 Dreadlord
2 Vampiric Aura
1 Sleep
2 Crypt Lord
1 Impale
1 Carrion Beetles
» actions
| Assign group hotkey | 4 | |
| Build / train | 92 | |
| Enter build submenu | 18 | |
| Enter hero's abilities submenu | 5 | |
| Remove unit from queue | 1 | |
| Right click | 1156 | |
| Select / deselect | 582 | |
| Select group hotkey | 175 | |
| Use ability | 63 | |
2096 total
» units
| Acolyte | 9 | |
| Ghoul | 4 | |
| Crypt Fiend | 7 | |
| Gargoyle | 5 | |
| Obsidian Statue | 4 | |
| Abomination | 4 | |
| Frost Wyrm | 14 | |
| Meatwagon | 5 | |
52 total
» upgrades
| Cannibalize | 1 | |
| Creature Attack | 3 | |
| Creature Carapace | 3 | |
| Necromancer Training | 1 | |
| Burrow | 1 | |
| Disease Cloud | 1 | |
| Skeletal Mastery | 1 | |
| Web | 1 | |
| Freezing Breath | 1 | |
| Exhume Corpses | 1 | |
14 total
» buildings
| Ziggurat | 11 | |
| Altar of Darkness | 1 | |
| Crypt | 1 | |
| Graveyard | 1 | |
| Tomb of Relics | 1 | |
| Halls of the Dead | 1 | |
| Spirit Tower | 5 | |
| Temple of the Damned | 1 | |
| Nerubian Tower | 4 | |
| Slaughterhouse | 1 | |
| Black Citadel | 1 | |
| Sacrificial Pit | 1 | |
| Boneyard | 1 | |
30 total
» build order
00:08 Ziggurat
00:09 Altar of Darkness
00:37 Crypt
01:29 Graveyard
01:52 Ziggurat
04:09 Tomb of Relics
05:03 Ziggurat
06:08 Ziggurat
06:10 Halls of the Dead
07:06 Spirit Tower
08:47 Temple of the Damned
10:08 Spirit Tower
10:09 Nerubian Tower
10:54 Ziggurat
10:55 Ziggurat
11:46 Spirit Tower
11:49 Nerubian Tower
11:58 Slaughterhouse
12:30 Black Citadel
15:51 Sacrificial Pit
16:37 Ziggurat
16:38 Ziggurat
16:57 Boneyard
17:31 Spirit Tower
18:20 Ziggurat
18:21 Ziggurat
18:22 Ziggurat
21:54 Spirit Tower
21:56 Nerubian Tower
21:57 Nerubian Tower
» items
| Rod of Necromancy | 1 | |
| Dust of Appearance | 1 | |
| Potion of Healing | 2 | |
| Potion of Mana | 1 | |
| Orb of Corruption | 2 | |
7 total
Chat log
(06:10 / All) PIZZAFAN1739: lol
(06:19 / All) Amsen: FICK DICH
(17:30 / All) PIZZAFAN1739: you guys....
(17:45 / All) PIZZAFAN1739: from?
(20:08 / All) PIZZAFAN1739: lol
(29:02 / All) Knokki: scheis noobs
(30:44 / All) Knokki: was für towerkuschler
(32:38 / All) Birdeneering: auf wiedersehen
(32:50 / All) Knokki: hdf
(38:25 / All) PIZZAFAN1739: hoho
(38:27 / All) PIZZAFAN1739: clan towa #1
(41:26 / All) PIZZAFAN1739: heroes only
(42:26 / All) Knokki: spast
(42:35 / All) PIZZAFAN1739: lol
(42:44 / All) NUTSONYOCHIN.DE: LöL
(43:01 / All) PIZZAFAN1739: Turm-Team aus den USA ist die Nummer 1
(43:32 / All) Knokki: ihr seit 3 fettsäcke mit Übergewicht mehr aber auch nicht
(45:27 / All) PIZZAFAN1739: verlassen
(45:31 / All) Knokki: nope
(45:34 / All) Knokki: pech gehabt
(46:15 / All) PIZZAFAN1739: res your level 2 dreadlord please
(48:24 / All) PIZZAFAN1739: lol
(49:38 / All) PIZZAFAN1739: how to say "ownage" in german
(49:51 / All) Knokki: and i say hdf^^
(49:55 / All) PIZZAFAN1739: hdf????
(50:36 / All) Knokki: halt die fresse^^
(51:02 / All) Knokki: go end it now bobs
(51:17 / All) Knokki: omg nobos bb
(51:25 / All) Knokki: spastkinder
(51:34 / All) Knokki: los jetzt ihr hurensöhne!!
(51:50 / All) Knokki: fetten scheiskinder
(51:57 / All) PIZZAFAN1739: lol
(52:02 / All) PIZZAFAN1739: http://highper.ch?
(52:05 / All) Knokki: halts maul
(52:16 / All) Knokki: spasti
(52:31 / All) NUTSONYOCHIN.DE: place your bets
(52:40 / All) Knokki: suck my cock^^